 Dungeon Crawl Stone Soup version 0.28.0-53-g5a82cb258f (webtiles) character file.

Game seed: 4172440466686161675

3504 Ashen the Chiller (level 9, -5/69 HPs)
             Began as a Demonspawn Ice Elementalist on July 13, 2022.
             Was an Initiate of Vehumet.
             Slain by Joseph
             ... wielding a +0 quarterstaff
              (7 damage)
             ... on level 7 of the Dungeon.
             The game lasted 00:16:18 (11014 turns).

Ashen the Chiller (Demonspawn Ice Elementalist)    Turns: 11014, Time: 00:16:19

Health: -5/69      AC: 11    Str:  9    XL:     9   Next: 80%
Magic:  0/18       EV: 15    Int: 21    God:    Vehumet [......]
Gold:   436        SH:  4    Dex: 19    Spells: 6/20 levels left

rFire   . . .      SeeInvis .   e - +0 dire flail
rCold   . . .      Faith    .   (shield currently unavailable)
rNeg    . . .      Spirit   +   a - +0 robe
rPois   .          Reflect  .   C - +1 helmet
rElec   .          Harm     .   (no cloak)
rCorr   .          Rampage  .   (no gloves)
Will    .....                   (no boots)
Stlth   ++++......              o - amulet of magic regeneration
HPRegen 0.21/turn               n - +6 ring of dexterity
MPRegen 0.72/turn               D - ring of wizardry

@: ice-armoured
A: claws 1, large bone plates 1, magic shield, magic regeneration
a: Renounce Religion


You were on level 7 of the Dungeon.
You worshipped Vehumet.
Vehumet was noncommittal.
You visited 2 branches of the dungeon, and saw 8 of its levels.
You also visited: Ossuary.

You collected 436 gold pieces.

Inventory:

Hand Weapons
 e - a +0 dire flail (weapon)
 r - a +0 dagger of venom
Missiles
 c - 12 poisoned darts (quivered)
Armour
 a - a +0 robe (worn)
 x - the +1 cloak of Emiwk {rF+ Slay-6 Stlth+}
   (You found it on level 5 of the Dungeon)

   Slay:      It affects your accuracy & damage with ranged weapons and melee
   (-6).
   rF:        It protects you from fire.
   Stlth:     It makes you more stealthy.
 C - a +1 helmet (worn)
Magical Staves
 j - a staff of air
 k - a staff of fire
Jewellery
 n - a +6 ring of dexterity (left claw)
 o - an amulet of magic regeneration (around neck)
 D - a ring of wizardry (right claw)
Wands
 q - a wand of iceblast (7)
Scrolls
 b - 2 scrolls of vulnerability {unknown}
 f - 7 scrolls of identify {unknown}
 h - 2 scrolls of noise {unknown}
 i - 3 scrolls of amnesia {unknown}
 l - 6 scrolls of enchant armour {unknown}
 m - 2 scrolls of immolation {unknown}
 p - a scroll of magic mapping {unknown}
 s - 2 scrolls of teleportation {unknown}
 y - a scroll of fog {unknown}
Potions
 d - 4 potions of heal wounds {unknown}
 g - 7 potions of curing {unknown}
 t - 2 potions of attraction {unknown}
 u - 2 potions of might {unknown}
 v - 2 potions of resistance {unknown}
 w - 2 potions of haste
 z - 2 potions of degeneration {unknown}
 A - a potion of lignification {unknown}
 B - a potion of mutation {unknown}


   Skills:
 + Level 6.0 Fighting
 + Level 5.8 Dodging
 + Level 6.5 Stealth
 + Level 6.0 Spellcasting
 + Level 0.9 Conjurations
 + Level 6.8 Ice Magic
 + Level 0.8 Air Magic


You had 6 spell levels left.
You knew the following spells:

 Your Spells              Type           Power      Damage    Failure   Level
a - Freeze                Ice            100%       1d11      1%          1
b - Frozen Ramparts       Ice            70%        1d9       1%          3
c - Ozocubu's Armour      Ice            35%        N/A       1%          3
d - Hailstorm             Conj/Ice       22%        3d7       9%          4
e - Swiftness             Air            9%         N/A       9%          3

Your spell library contained the following spells:

 Spells                   Type           Power      Damage    Failure   Level
 Shock                    Conj/Air       40%        1d5       2%          1
 Airstrike                Air            4%         N/A       26%         4
 Dispersal                Tloc           3%         N/A       99%         6
 Disjunction              Tloc           3%         N/A       100%        8


Dungeon Overview and Level Annotations

Branches:
Dungeon (7/15)             Temple (1/1) D:6         Ossuary (visited)

Altars:
Ashenzari
Cheibriados
Dithmenos
Elyvilon
Fedhas
Gozag
Hepliaklqana
Kikubaaqudgha
Makhleb
Okawaru
Qazlal
Ru
Sif Muna
Trog
Uskayaw
Vehumet
Wu Jian
Xom
Yredelemnul
Zin
The Shining One

Shops:
D:2 (

Annotations:
D:3 Grinder
D:7 Joseph


Innate Abilities, Weirdness & Mutations

You have sharp fingernails.
You are partially covered in large bone plates. (SH +4)
When hurt, damage is shared between your health and your magic reserves.
You regenerate magic rapidly.


Message History

You freeze Joseph!
Joseph is heavily wounded.
The wall freezes Joseph.
Joseph says, "I'm happy to see you. And I'll be happy to kill you."
Joseph closely misses you.
Casting: Freeze (safe; 1% risk of failure)
Confirm with . or Enter, or press ? or * to list all spells.
Aiming: Freeze (safe; 1% risk of failure)
Press: ? - help, Shift-Dir - straight line, f/p - Joseph
Aim: Joseph, wielding a +0 quarterstaff, wearing a +0 leather armour and quivering sling bullets (heavily wounded)
You freeze Joseph.
Joseph is severely wounded.
The wall freezes Joseph.
Joseph hits you with a +0 quarterstaff!
* * * LOW HITPOINT WARNING * * *
Casting: Freeze (safe; 1% risk of failure)
Confirm with . or Enter, or press ? or * to list all spells.
Aiming: Freeze (safe; 1% risk of failure)
Press: ? - help, Shift-Dir - straight line, f/p - Joseph
Aim: Joseph, wielding a +0 quarterstaff, wearing a +0 leather armour and quivering sling bullets (severely wounded)
You freeze Joseph!
Joseph is almost dead.
The frozen ramparts melt away.
Joseph hits you with a +0 quarterstaff!
* * * LOW HITPOINT WARNING * * *
Casting: Freeze (safe; 1% risk of failure)
Confirm with . or Enter, or press ? or * to list all spells.
Aiming: Freeze (safe; 1% risk of failure)
Press: ? - help, Shift-Dir - straight line, f/p - Joseph
Aim: Joseph, wielding a +0 quarterstaff, wearing a +0 leather armour and quivering sling bullets (almost dead)
You freeze Joseph.
Joseph is almost dead.
Joseph hits you with a +0 quarterstaff.
* * * LOW HITPOINT WARNING * * *
You hit Joseph.
Joseph is almost dead.
Joseph hits you with a +0 quarterstaff!
* * * LOW HITPOINT WARNING * * *
You completely miss Joseph.
Joseph is almost dead.
Joseph hits you with a +0 quarterstaff!
You die...

########### #. .....
...# ##.
#..####.######### .#.
##..#............#
#..##.....##.#..####.
##......####.#..###
##..###..####.#....#
#.......).....#@##.#
#.###.##########@# .#
.####.########
#.......#
..##........#
####.####
#.##........# #
##<##........#
.............#
##.###.......# ...#
#.......# .###
#.......#


You could see Joseph.

Vanquished Creatures
  A cyclops (D:6)
  An unseen horror (D:6)
  A yak (D:6)
  Menkaure (D:6)
  3 water moccasins
  A sky beast (D:6)
  A necrophage (D:5)
  An ice beast (D:3)
  2 ogres
  2 kobold brigands (D:6)
  A bullfrog (D:7)
  Blork the orc (D:5)
  A scorpion (D:6)
  4 elf zombies (Ossuary)
  A wyvern skeleton (D:6)
  5 killer bees (D:6)
  A howler monkey (D:5)
  A bullfrog zombie (D:5)
  2 centaur zombies
  A centaur skeleton (D:3)
  An orc priest (D:5)
  2 hounds
  A jelly (D:6)
  A gnoll shaman (D:4)
  A human zombie (Ossuary)
  4 iguanas
  4 orc wizards
  3 mummies (Ossuary)
  Robin (D:3)
  A howler monkey zombie (D:6)
  A howler monkey skeleton (D:5)
  7 gnolls (D:4)
  8 adders
  A shadow imp (D:6)
  3 white imps
  2 ufetubi
  2 adder zombies (Ossuary)
  A worm (D:2)
  3 dart slugs
  16 orcs
  5 ball pythons
  5 bats
  7 endoplasms
  A giant cockroach (D:1)
  6 hobgoblins
  4 jackals (D:2)
  4 quokkas
  2 gnoll zombies (Ossuary)
  16 goblins
  3 goblin zombies (Ossuary)
  4 hobgoblin zombies (Ossuary)
  4 jackal zombies (Ossuary)
  15 kobolds
  4 kobold zombies (Ossuary)
  An orc zombie (Ossuary)
  4 quokka zombies (Ossuary)
  3 rats
  5 rat zombies (Ossuary)
188 creatures vanquished.

Vanquished Creatures (others)
  A giant cockroach (D:1)
  A goblin (D:1)
  A rat (D:1)
  A fungus (D:2)
4 creatures vanquished.

Grand Total: 192 creatures vanquished

Notes
Turn   | Place    | Note
-------+----------+-------------------------------------------
     0 | D:1      | Ashen the Demonspawn Ice Elementalist began the quest for
                  | the Orb.
     0 | D:1      | Reached XP level 1. HP: 13/13 MP: 3/3
   251 | D:1      | Gained mutation: You regenerate magic rapidly. [demonic
                  | ancestry]
   251 | D:1      | Reached XP level 2. HP: 4/20 MP: 1/5
  1203 | D:1      | Reached XP level 3. HP: 22/25 MP: 3/6
  1382 | D:1      | Reached skill level 1 in Fighting
  1551 | D:2      | Learned a level 3 spell: Frozen Ramparts
  1728 | D:2      | Found Umues's Antique Weapon Boutique.
  1871 | D:2      | Reached XP level 4. HP: 32/32 MP: 1/7
  2442 | D:2      | Found a faded altar of an unknown god.
  3235 | D:3      | Reached XP level 5. HP: 15/38 MP: 9/9
  3647 | D:3      | Noticed Grinder
  3649 | D:3      | Paralysed by Grinder for 4 turns
  3663 | D:3      | Paralysed by Grinder for 7 turns
  3982 | D:4      | Learned a level 3 spell: Ozocubu's Armour
  4397 | D:3      | Paralysed by Grinder for 6 turns
  4413 | D:3      | Paralysed by Grinder for 4 turns
  4736 | D:3      | Noticed an ice beast
  4750 | D:3      | Killed an ice beast
  4751 | D:3      | Gained mutation: You are partially covered in large bone
                  | plates. (SH +4) [demonic ancestry]
  4751 | D:3      | Reached XP level 6. HP: 46/46 MP: 5/10
  4794 | D:3      | Noticed Robin
  4808 | D:3      | Killed Robin
  5576 | D:5      | Entered Level 5 of the Dungeon
  5676 | D:5      | Noticed Blork the orc
  5686 | D:5      | Killed Blork the orc
  5687 | D:5      | Reached XP level 7. HP: 47/52 MP: 5/12
  6083 | D:5      | Found a sand-covered staircase.
  6090 | Ossuary  | Entered an ossuary
  6314 | Ossuary  | Reached skill level 5 in Ice Magic
  6969 | Ossuary  | Gained mutation: When hurt, damage is shared between your
                  | health and your magic reserves. [demonic ancestry]
  6969 | Ossuary  | Reached XP level 8. HP: 45/60 MP: 11/14
  8125 | D:5      | Identified the +1 cloak of Emiwk {rF+ Slay-6 Stlth+}
  8380 | D:6      | Reached skill level 5 in Stealth
  8627 | D:6      | Noticed Menkaure
  8636 | D:6      | Killed Menkaure
  8637 | D:6      | Reached skill level 5 in Spellcasting
  8649 | D:6      | Noticed a cyclops
  8878 | D:6      | Reached skill level 5 in Fighting
  8989 | D:6      | Gained mutation: You have sharp fingernails. [demonic
                  | ancestry]
  8989 | D:6      | Reached XP level 9. HP: 54/68 MP: 10/16
  8997 | D:6      | Reached skill level 5 in Dodging
  9308 | D:6      | Killed an unseen horror
  9649 | D:6      | Found a staircase to the Ecumenical Temple.
  9692 | Temple   | Entered the Ecumenical Temple
 10125 | Temple   | Became a worshipper of Vehumet
 10291 | D:6      | Killed a cyclops
 10606 | D:7      | Learned a level 4 spell: Hailstorm
 10610 | D:7      | Learned a level 3 spell: Swiftness
 10995 | D:7      | Noticed Joseph
 11013 | D:7      | HP: 2/69 [Joseph/+0 quarterstaff (9)]
 11014 | D:7      | Slain by Joseph

Illustrated notes

Levels and vault maps discovered:
D:1:      enne_arrival_octagon_isle, layout_loops_ring, lemuel_flame_loot_1
D:2:      layout_basic, serial_shops, shop, shapermc_ecumenical_altar_hornbeckon
D:3:      layout_basic, dk_noncrumbling_2, st_stairs_13, uniq_robin,
          uniq_grinder
D:4:      layout_rooms
D:5:      layout_gridville, enter_ossuary_1, uniq_blork_the_orc
D:6:      layout_loops_ring, minmay_temple_entry_arrows,
          hangedman_decor_slide_cut, minmay_misc_feat_more_columns,
          minmay_holes, grunt_tough_drop, uniq_menkaure
D:7:      layout_loops_cross, nemelex_dance_club_becter, uniq_joseph
Temple:   mainiacjoe_temple_trianglar_array

Skill      XL: |  1  2  3  4  5  6  7  8  9 |
---------------+----------------------------+-----
Stealth        | 2 3 4 5 6 |  6.5
Dodging        | 2 3 4 5 |  5.8
Fighting       | 1 2 3 5 6 |  6.0
Ice Magic      | 4 5 6 |  6.8
Spellcasting   | 3 4 5 6 |  6.0
Conjurations   | |  0.9
Air Magic      | |  0.8

Action                   |  1- 3 |  4- 6 |  7- 9 || total
-------------------------+-------+-------+-------++-------
Melee: Mace              |    10 |       |       ||    10
       Unarmed           |     2 |       |       ||     2
       Dire flail        |    26 |    80 |   385 ||   491
       Dagger            |       |       |    18 ||    18
Throw: Dart              |     1 |       |       ||     1
 Cast: Freeze            |    43 |    40 |    52 ||   135
       Frozen Ramparts   |     1 |     9 |    17 ||    27
       Ozocubu's Armour  |       |     5 |    26 ||    31
 Stab: Sleeping          |     4 |     4 |     9 ||    17
       Distracted        |       |       |     1 ||     1
Armor: Robe              |     8 |    21 |   108 ||   137
Dodge: Dodged            |    62 |   103 |   352 ||   517
Block: Other             |       |    11 |    76 ||    87
